 Dungeon Crawl Stone Soup version bcrawl-1.19.2-6-g6a88ae04c9 (webtiles) character file.

Game seed: 3285067526005872196

90 Mrkan the Poker (level 4, -1/35 HPs)
             Began as a Merfolk Gladiator on Jan 7, 2020.
             Killed from afar by an orc wizard (3 damage)
             ... with a magic dart
             ... on level 2 of the Dungeon.
             The game lasted 00:02:30 (1417 turns).

Mrkan the Poker (Merfolk Gladiator)                 Turns: 1417, Time: 00:02:30

Health: -1/35      AC:  4    Str: 14    XL:     4   Next: 56%
Magic:  4/4        EV: 14    Int:  7    God:
Gold:   115        SH:  0    Dex: 16    Spells: 3/3 levels left

rFire    . . .     SeeInvis .   a - +0 trident
rCold    . . .     Gourm    .   (no shield)
rNeg     . . .     Faith    .   b - +0 leather armour
rPois    .         Spirit   .   c - +0 helmet
rElec    .         Reflect  .   (no cloak)
rCorr    .         Harm     .   (no gloves)
MR       .....                  (no boots)
Stlth    +.........             (no amulet)
HPRegen  0.11/turn              (no ring)
MPRegen  0.09/turn              (no ring)

@: no status effects
A: change form in water, swift swim, stealthy swim
a: no special abilities


You were on level 2 of the Dungeon.
You were not hungry.

You visited 1 branch of the dungeon, and saw 2 of its levels.

You collected 115 gold pieces.

Inventory:

Hand Weapons
 a - a +0 trident (weapon)
Missiles
 d - 3 throwing nets (quivered) {!f}
Armour
 b - a +0 leather armour (worn)
 c - a +0 helmet (worn)
Jewellery
 j - an uncursed ring of flight {unknown}
 o - an uncursed ring of flight {unknown}
 p - an uncursed amulet of the gourmand {unknown}
Scrolls
 g - a scroll of noise {unknown}
 h - a scroll of teleportation {unknown}
 i - a scroll of remove curse {unknown}
 k - 2 scrolls of identify {unknown}
 m - a scroll of enchant armour {unknown}
 q - a scroll of enchant weapon {unknown}
Potions
 e - a potion of degeneration {unknown}
 l - a potion of brilliance {unknown}
 n - a potion of flight {unknown}
Comestibles
 f - 2 rations {!d}
 r - a chunk of flesh


   Skills:
 + Level 3.1 Fighting
 * Level 6.2 Polearms
 - Level 2.0 Throwing
 + Level 4.8 Dodging


You had 3 spell levels left.
You didn't know any spells.
Your spell library was empty.

Dungeon Overview and Level Annotations

Branches:
Dungeon (2/12)

Altars:


Message History

The explosion of tomahawk fragments engulfs the orc wizard.
The orc wizard closely misses you.
The orc throws an exploding tomahawk.
The exploding tomahawk hits you but does no damage.
The exploding tomahawk explodes!
The explosion of tomahawk fragments engulfs you!
* * * LOW HITPOINT WARNING * * *
The explosion of tomahawk fragments engulfs the orc wizard.
You puncture the orc wizard!
The orc wizard is almost dead.
The orc wizard gestures at you while chanting.
The magic dart hits you!
* * * LOW HITPOINT WARNING * * *
You closely miss the orc wizard.
The orc wizard is almost dead.
The orc wizard barely misses you.
You hit the orc wizard but do no damage.
The orc wizard is almost dead.
The orc wizard points at you and mumbles some strange words.
The magic dart hits you!
You die...

.......#####.#.####..#
....... #)#.# #..#
....g.. #S#.####..#
..o......###g#.......#
......w#............(#
.......#####o#######.#
.......o# #.#
#######o#######.#
#@##......#
#.##.####.#
..##.####.#
#####......# .# #.#
######.# .# #.# #.# ##
#.# #.# #.# ##.# #.#
#..#


You could see an orc wizard, 2 orcs, a hobgoblin and a ball python.

Vanquished Creatures
  Terence (D:2)
  2 worms
  3 dart slugs
  3 leopard geckos (D:1)
  2 orcs (D:2)
  3 giant cockroaches
  2 goblins (D:2)
  5 hobgoblins
  10 jackals (D:1)
  2 bats
  5 frilled lizards
  6 kobolds
  3 rats
47 creatures vanquished.

Notes
Turn   | Place    | Note
-------+----------+-------------------------------------------
     0 | D:1      | Mrkan the Merfolk Gladiator began the quest for the Orb.
     0 | D:1      | Reached XP level 1. HP: 16/16 MP: 1/1
   108 | D:1      | Reached XP level 2. HP: 8/23 MP: 2/2
   354 | D:1      | Reached skill level 5 in Polearms
   505 | D:1      | Reached XP level 3. HP: 24/28 MP: 3/3
  1369 | D:2      | Noticed Terence
  1374 | D:2      | Reached XP level 4. HP: 34/34 MP: 4/4
  1383 | D:2      | Killed Terence
  1383 | D:2      | Reached skill level 6 in Polearms
  1417 | D:2      | Killed from afar by an orc wizard

Skill      XL: |  1  2  3  4 |
---------------+-------------+-----
Polearms       | 5 6 |  6.2
Fighting       | 3 |  3.1
Throwing       | |  2.0
Dodging        | |  4.8

Action                   |  1- 3 |  4- 6 || total
-------------------------+-------+-------++-------
Melee: Trident           |   145 |    33 ||   178
 Stab: Sleeping          |     1 |       ||     1
  Eat: Chunk             |     2 |       ||     2
Armor: Leather armour    |    41 |     3 ||    44
Dodge: Dodged            |   146 |    23 ||   169
